1896 views
Uploaded 2023-01-02 17:26:23
Game version 1.32.10
17:38 long 2on2 ladder game on (5)CircleofFallenHeroes
Saved by TimeHider
1896 views
Uploaded 2023-01-02 17:26:23
Game version 1.32.10
17:38 long 2on2 ladder game on (5)CircleofFallenHeroes


58 units @ 9.3k
/ 1.4k
36 buildings @ 4.8k
/ 1.4k



| Scroll of Regeneration | 3 | 300 |
| Potion of Healing | 3 | 450 |
| Staff of Sanctuary | 1 | 250 |
| Scroll of Town Portal | 1 | 350 |
| Boots of Speed | 1 | 250 |
| Potion of Lesser Invulnerability | 1 | 150 |
| total: | 10 | 1750g |
| Peasant | 8 | 600 | / | 0 |
| Footman | 5 | 675 | / | 0 |
| Knight | 13 | 3185 | / | 780 |
| total: | 26 | 4460g | / | 780w |
| Scout Tower | 1 | 30 | / | 20 |
| Arcane Tower | 1 | 70 | / | 50 |
| Altar of Kings | 2 | 360 | / | 100 |
| Farm | 9 | 720 | / | 180 |
| Barracks | 2 | 320 | / | 120 |
| Lumber Mill | 1 | 120 | / | 0 |
| Arcane Vault | 3 | 390 | / | 90 |
| Blacksmith | 1 | 140 | / | 60 |
| Keep | 1 | 320 | / | 210 |
| Castle | 1 | 360 | / | 210 |
| total: | 19 | 2080g | / | 570w |
| 0:02 | Peasant |
| 0:02 | Peasant |
| 0:08 | Altar of Kings |
| 0:10 | Farm |
| 0:14 | Barracks |
| 0:28 | Peasant |
| 0:37 | Peasant |
| 0:48 | Farm |
| 1:05 | Peasant |
| 1:18 | Footman |
| 1:19 | Peasant |
| 1:37 | Farm |
| 1:39 | Peasant |
| 1:45 | Footman |
| 1:56 | Peasant |
| 2:00 | Scout Tower |
| 2:10 | Summon Water Elemental |
| 2:11 | Footman |
| 2:58 | Keep |
| 3:00 | Lumber Mill |
| 3:28 | Brilliance Aura |
| 3:32 | Footman |
| 3:33 | Arcane Tower |
| 3:33 | Footman |
| 3:39 | Arcane Vault |
| 3:59 | Farm |
| 4:50 | Blacksmith |
| 4:52 | Improved Lumber Harvesting |
| 5:20 | Castle |
| 6:36 | Scroll of Regeneration |
| 6:37 | Potion of Healing |
| 6:39 | Storm Bolt |
| 6:41 | Barracks |
| 6:42 | Iron Forged Swords |
| 6:42 | Iron Plating |
| 7:44 | Knight |
| 7:48 | Farm |
| 7:50 | Farm |
| 7:52 | Animal War Training |
| 7:55 | Farm |
| 8:01 | Scroll of Regeneration |
| 8:05 | Potion of Healing |
| 8:43 | Knight |
| 8:44 | Knight |
| 9:00 | Boots of Speed |
| 9:00 | Potion of Lesser Invulnerability |
| 9:08 | Summon Water Elemental |
| 9:54 | Knight |
| 9:55 | Farm |
| 10:10 | Bash |
| 10:16 | Holy Light |
| 10:26 | Staff of Sanctuary |
| 10:26 | Potion of Healing |
| 10:32 | Steel Forged Swords |
| 11:16 | Farm |
| 11:18 | Steel Plating |
| 11:44 | Knight |
| 11:54 | Scroll of Town Portal |
| 12:05 | Scroll of Regeneration |
| 13:19 | Knight |
| 13:39 | Arcane Vault |
| 13:57 | Knight |
| 14:56 | Knight |
| 14:58 | Brilliance Aura |
| 15:28 | Storm Bolt |
| 15:35 | Knight |
| 15:49 | Knight |
| 15:51 | Arcane Vault |
| 16:19 | Altar of Kings |
| 16:29 | Knight |
| 16:51 | Knight |
| 17:20 | Knight |
| Right click | 1317 |
| Select group | 853 |
| Select | 391 |
| Build/train/purchase | 85 |
| Use ability | 22 |
| Assign group | 19 |
| Resource trade | 8 |
| Misc. action | 6 |
| Item give/drop | 3 |
| Minimap ping | 3 |
| Remove unit | 1 |



| Rod of Necromancy | 2 | 300 |
| Ritual Dagger | 1 | 125 |
| Sacrificial Skull | 1 | 50 |
| total: | 4 | 475g |
| Acolyte | 8 | 600 | / | 0 |
| Ghoul | 9 | 1080 | / | 0 |
| Crypt Fiend | 12 | 2580 | / | 480 |
| Obsidian Statue | 2 | 400 | / | 70 |
| Gargoyle | 1 | 175 | / | 30 |
| total: | 32 | 4835g | / | 580w |
| Nerubian Tower | 1 | 100 | / | 20 |
| Spirit Tower | 1 | 145 | / | 40 |
| Crypt | 2 | 400 | / | 100 |
| Ziggurat | 7 | 1050 | / | 350 |
| Altar of Darkness | 1 | 180 | / | 50 |
| Tomb of Relics | 2 | 260 | / | 60 |
| Necropolis | 2 | 450 | / | 0 |
| Graveyard | 1 | 215 | / | 0 |
| Slaughterhouse | 1 | 140 | / | 135 |
| Sacrificial Pit | 1 | 75 | / | 150 |
| Halls of the Dead | 1 | 320 | / | 210 |
| Black Citadel | 1 | 325 | / | 230 |
| total: | 17 | 2770g | / | 845w |
| 0:03 | Acolyte |
| 0:11 | Crypt |
| 0:14 | Acolyte |
| 0:23 | Ziggurat |
| 0:34 | Altar of Darkness |
| 1:00 | Ziggurat |
| 1:12 | Ghoul |
| 1:17 | Tomb of Relics |
| 1:38 | Ghoul |
| 1:39 | Acolyte |
| 2:00 | Ghoul |
| 2:05 | Ghoul |
| 2:08 | Acolyte |
| 2:34 | Carrion Beetles |
| 2:40 | Rod of Necromancy |
| 2:40 | Ritual Dagger |
| 2:41 | Sacrificial Skull |
| 2:51 | Ghoul |
| 3:27 | Necropolis |
| 3:46 | Necropolis |
| 3:53 | Ziggurat |
| 3:59 | Acolyte |
| 3:59 | Acolyte |
| 4:20 | Graveyard |
| 4:32 | Halls of the Dead |
| 4:53 | Ghoul |
| 4:58 | Nerubian Tower |
| 5:07 | Ziggurat |
| 5:13 | Impale |
| 5:42 | Crypt |
| 5:46 | Creature Attack |
| 6:43 | Spirit Tower |
| 6:46 | Ziggurat |
| 6:47 | Ziggurat |
| 6:51 | Ziggurat |
| 6:52 | Tomb of Relics |
| 7:19 | Ghoul |
| 7:19 | Ghoul |
| 7:20 | Black Citadel |
| 7:58 | Crypt Fiend |
| 8:35 | Slaughterhouse |
| 8:54 | Death Coil |
| 9:02 | Sacrificial Pit |
| 9:05 | Ghoul |
| 9:29 | Crypt Fiend |
| 9:47 | Web |
| 10:33 | Crypt Fiend |
| 10:39 | Improved Creature Attack |
| 10:39 | Creature Carapace |
| 10:48 | Obsidian Statue |
| 11:16 | Rod of Necromancy |
| 11:28 | Obsidian Statue |
| 11:33 | Burrow |
| 11:51 | Acolyte |
| 11:51 | Acolyte |
| 12:25 | Gargoyle |
| 12:43 | Carrion Beetles |
| 12:50 | Crypt Fiend |
| 13:01 | Crypt Fiend |
| 13:21 | Frost Nova |
| 13:47 | Crypt Fiend |
| 13:47 | Crypt Fiend |
| 15:01 | Crypt Fiend |
| 15:01 | Crypt Fiend |
| 15:25 | Crypt Fiend |
| 15:42 | Unholy Aura |
| 16:00 | Impale |
| 16:38 | Crypt Fiend |
| 17:00 | Frost Armor |
| 17:02 | Frost Armor |
| 17:28 | Improved Creature Carapace |
| 17:30 | Advanced Creature Attack |
| 17:31 | Crypt Fiend |
| Right click | 805 |
| Select group | 371 |
| Select | 269 |
| Build/train/purchase | 82 |
| Assign group | 46 |
| Use ability | 28 |
| Resource trade | 21 |
| Misc. action | 13 |
| Minimap ping | 10 |
| Remove unit | 2 |
| Item give/drop | 1 |
83 units @ 10.7k
/ 1.7k
29 buildings @ 5.5k
/ 2.3k


| Potion of Healing | 8 | 1200 |
| Staff of Preservation | 1 | 150 |
| Anti-magic Potion | 1 | 100 |
| Scroll of Town Portal | 1 | 350 |
| total: | 11 | 1800g |
| Wisp | 19 | 1140 | / | 0 |
| Archer | 5 | 650 | / | 50 |
| Huntress | 1 | 195 | / | 20 |
| Dryad | 18 | 2610 | / | 1080 |
| Druid of the Claw | 1 | 255 | / | 80 |
| total: | 44 | 4850g | / | 1230w |
| Ancient Protector | 1 | 135 | / | 80 |
| Altar of Elders | 1 | 180 | / | 50 |
| Moon Well | 5 | 900 | / | 200 |
| Ancient of War | 1 | 150 | / | 60 |
| Hunter's Hall | 1 | 210 | / | 100 |
| Ancient of Wonders | 2 | 180 | / | 60 |
| Tree of Life | 1 | 340 | / | 185 |
| Ancient of Lore | 2 | 310 | / | 290 |
| Tree of Ages | 1 | 320 | / | 180 |
| Tree of Eternity | 1 | 330 | / | 200 |
| total: | 14 | 2405g | / | 1025w |
| 0:01 | Wisp |
| 0:02 | Wisp |
| 0:02 | Wisp |
| 0:03 | Altar of Elders |
| 0:09 | Moon Well |
| 0:20 | Wisp |
| 0:31 | Ancient of War |
| 0:41 | Wisp |
| 0:51 | Wisp |
| 1:08 | Wisp |
| 1:23 | Wisp |
| 1:29 | Moon Well |
| 1:32 | Archer |
| 1:46 | Archer |
| 2:14 | Mana Burn |
| 2:20 | Archer |
| 2:37 | Wisp |
| 2:38 | Archer |
| 2:56 | Tree of Ages |
| 2:57 | Archer |
| 3:22 | Hunter's Hall |
| 3:30 | Evasion |
| 3:59 | Ancient of Wonders |
| 4:02 | Moon Well |
| 4:24 | Ultravision |
| 4:29 | Ancient Protector |
| 5:23 | Wisp |
| 5:24 | Wisp |
| 5:24 | Wisp |
| 5:24 | Wisp |
| 5:27 | Moon Well |
| 6:02 | Immolation |
| 6:16 | Potion of Healing |
| 6:17 | Staff of Preservation |
| 6:20 | Trueshot Aura |
| 6:34 | Wisp |
| 6:34 | Wisp |
| 6:49 | Wisp |
| 6:49 | Wisp |
| 7:05 | Ancient of Lore |
| 7:06 | Wisp |
| 7:06 | Wisp |
| 7:09 | Moon Well |
| 7:33 | Potion of Healing |
| 7:51 | Potion of Healing |
| 7:53 | Huntress |
| 8:17 | Dryad |
| 8:19 | Ancient of Lore |
| 9:01 | Dryad |
| 9:04 | Strength of the Wild |
| 9:18 | Tree of Eternity |
| 9:37 | Dryad |
| 9:46 | Scout |
| 10:00 | Potion of Healing |
| 10:04 | Dryad |
| 10:05 | Abolish Magic |
| 10:34 | Tree of Life |
| 10:53 | Dryad |
| 11:11 | Dryad |
| 11:20 | Scroll of Town Portal |
| 11:46 | Ancient of Wonders |
| 11:49 | Dryad |
| 12:04 | Dryad |
| 12:49 | Dryad |
| 13:02 | Trueshot Aura |
| 13:06 | Dryad |
| 13:16 | Evasion |
| 13:26 | Potion of Healing |
| 13:33 | Potion of Healing |
| 14:00 | Dryad |
| 14:21 | Potion of Healing |
| 14:22 | Anti-magic Potion |
| 14:47 | Dryad |
| 14:57 | Searing Arrows |
| 15:05 | Dryad |
| 15:20 | Dryad |
| 15:36 | Potion of Healing |
| 16:04 | Dryad |
| 16:18 | Evasion |
| 16:26 | Dryad |
| 16:44 | Druid of the Claw Adept Training |
| 16:45 | Dryad |
| 16:56 | Trueshot Aura |
| 16:59 | Dryad |
| 17:29 | Druid of the Claw |
| 17:31 | Druid of the Claw Master Training |
| Right click | 1381 |
| Select | 466 |
| Select group | 113 |
| Build/train/purchase | 93 |
| Use ability | 70 |
| Chat | 63 |
| Misc. action | 59 |
| Assign group | 19 |
| Item give/drop | 8 |
| Esc | 3 |
| Minimap ping | 3 |
| Remove unit | 1 |

| Lesser Clarity Potion | 7 | 490 |
| Healing Salve | 3 | 300 |
| Potion of Mana | 3 | 600 |
| total: | 13 | 1390g |
| Peon | 21 | 1575 | / | 0 |
| Grunt | 7 | 1400 | / | 0 |
| Wind Rider | 11 | 2915 | / | 440 |
| total: | 39 | 5890g | / | 440w |
| Altar of Storms | 1 | 180 | / | 50 |
| Orc Burrow | 5 | 800 | / | 200 |
| Barracks | 1 | 180 | / | 50 |
| Voodoo Lounge | 1 | 130 | / | 30 |
| Great Hall | 3 | 1155 | / | 555 |
| War Mill | 1 | 205 | / | 0 |
| Beastiary | 3 | 435 | / | 420 |
| Stronghold | 1 | 315 | / | 190 |
| total: | 15 | 3085g | / | 1305w |
| 0:02 | Peon |
| 0:02 | Peon |
| 0:03 | Peon |
| 0:06 | Altar of Storms |
| 0:18 | Orc Burrow |
| 0:35 | Barracks |
| 0:42 | Peon |
| 1:24 | Orc Burrow |
| 1:37 | Grunt |
| 1:39 | Voodoo Lounge |
| 1:58 | Grunt |
| 2:16 | Serpent Ward |
| 2:17 | Peon |
| 2:24 | Peon |
| 2:33 | Grunt |
| 2:46 | Peon |
| 3:15 | Grunt |
| 3:28 | Great Hall |
| 3:31 | Healing Wave |
| 3:32 | Lesser Clarity Potion |
| 3:33 | Healing Salve |
| 3:40 | Peon |
| 3:40 | Peon |
| 3:57 | Grunt |
| 3:57 | Grunt |
| 4:10 | Stronghold |
| 4:13 | War Mill |
| 4:40 | Grunt |
| 4:43 | Orc Burrow |
| 5:45 | Great Hall |
| 5:52 | Steel Armor |
| 5:52 | Steel Ranged Weapons |
| 5:58 | Orc Burrow |
| 5:59 | Serpent Ward |
| 6:39 | Beastiary |
| 6:43 | Peon |
| 6:43 | Peon |
| 7:32 | Beastiary |
| 7:48 | Wind Rider |
| 7:54 | Beastiary |
| 7:57 | Lesser Clarity Potion |
| 7:59 | Healing Salve |
| 8:12 | Wind Rider |
| 8:35 | Peon |
| 8:35 | Peon |
| 8:35 | Peon |
| 9:07 | Wind Rider |
| 9:22 | Healing Wave |
| 9:30 | Wind Rider |
| 9:36 | Peon |
| 9:44 | Lesser Clarity Potion |
| 9:46 | Healing Salve |
| 9:57 | Peon |
| 9:57 | Peon |
| 9:57 | Peon |
| 10:35 | Pillage |
| 10:36 | Peon |
| 10:36 | Peon |
| 10:36 | Peon |
| 11:06 | Lesser Clarity Potion |
| 11:06 | Lesser Clarity Potion |
| 11:08 | Potion of Mana |
| 11:22 | Thorium Ranged Weapons |
| 11:44 | Wind Rider |
| 11:46 | Orc Burrow |
| 12:46 | Serpent Ward |
| 13:00 | Wind Rider |
| 13:00 | Wind Rider |
| 14:22 | Wind Rider |
| 15:04 | Potion of Mana |
| 15:11 | Wind Rider |
| 15:25 | Potion of Mana |
| 15:35 | Big Bad Voodoo |
| 15:52 | Lesser Clarity Potion |
| 15:54 | Lesser Clarity Potion |
| 16:06 | Great Hall |
| 16:44 | Wind Rider |
| 17:26 | Wind Rider |
| Right click | 790 |
| Select group | 418 |
| Misc. action | 388 |
| Select | 215 |
| Build/train/purchase | 76 |
| Use ability | 66 |
| Assign group | 23 |
| Chat | 17 |
| Resource trade | 16 |
| Minimap ping | 6 |
| Remove unit | 4 |
| Esc | 2 |
| Item give/drop | 1 |
โ